 Dungeon Crawl Stone Soup version 0.29.1-15-g9cfb28693d (webtiles) character file.

Game seed: 14019429922580026228

18 protoss039 the Digger (level 2, -7/21 HPs)
             Began as a Demonspawn Earth Elementalist on Mar 12, 2023.
             Mangled by a gnoll
             ... wielding a +0 whip
              (9 damage)
             ... on level 1 of the Dungeon.
             The game lasted 00:00:50 (1078 turns).

protoss039 the Digger (DsEE)                        Turns: 1078, Time: 00:00:51

Health: -7/21      AC:  5    Str:  8    XL:     2   Next: 48%
Magic:  0/5        EV: 10    Int: 16    God:
Gold:   36         SH:  0    Dex: 13    Spells: 2/5 levels left

rFire   . . .      SeeInvis .   e - +0 short sword
rCold   . . .      Faith    .   (no shield)
rNeg    . . .      Spirit   .   c - +0 ring mail
rPois   .          Reflect  .   (no helmet)
rElec   .          Harm     .   (no cloak)
rCorr   .          Rampage  .   (no gloves)
Will    .....                   (no boots)
Stlth   +.........              (no amulet)
HPRegen 0.07/turn               (no ring)
MPRegen 0.09/turn               (no ring)

@: very slightly contaminated
A: demonic magic 1
a: no special abilities


You were on level 1 of the Dungeon.
You visited 1 branch of the dungeon, and saw 2 of its levels.

You collected 36 gold pieces.

Inventory:

Hand Weapons
 e - a +0 short sword (weapon)
Armour
 c - a +0 ring mail (worn)
Scrolls
 a - a scroll of butterflies {unknown}
 d - 3 scrolls of identify {unknown}
Potions
 b - a potion of magic
 f - a potion of mutation {unknown}


   Skills:
 + Level 1.1 Fighting
 - Level 1.7 Dodging
 - Level 1.7 Stealth
 + Level 2.3 Spellcasting
 - Level 0.8 Transmutations
 + Level 3.0 Earth Magic


You had 2 spell levels left.
You knew the following spells:

 Your Spells              Type           Power      Damage    Failure   Level
a - Sandblast             Erth           22%        2d7       19%         1
b - Passwall              Tmut/Erth      6%         N/A       38%         2

Your spell library contained the following spells:

 Spells                   Type           Power      Damage    Failure   Level
 Apportation              Tloc           2%         N/A       52%         1
 Stone Arrow              Conj/Erth      12%        3d7       69%         3
 Petrify                  Tmut/Erth      8%         N/A       95%         4
 Alistair's Intoxication  Tmut/Pois      2%         N/A       100%        5


Dungeon Overview and Level Annotations

Branches:
Dungeon (2/15) Zot: 10914

Altars:


Innate Abilities, Weirdness & Mutations

Spells you cast may paralyse adjacent enemies.


Message History

Casting: Sandblast (safe; 19% risk of failure)
Confirm with . or Enter, or press ? or * to list all spells.
Aiming: Sandblast (safe; 19% risk of failure)
Press: ? - help, Shift-Dir - straight line, f - kobold
Aim: a kobold, wielding a +0 short sword and quivering stones (77% to hit)
The blast of sand hits the kobold.
The kobold is moderately wounded.
Malevolent energies surge around you.
The kobold suddenly stops moving!
The gnoll hits you but does no damage.
The helpless kobold fails to defend itself.
You hit the kobold.
You kill the kobold!
The gnoll hits you with a +0 whip. The gnoll barely misses you.
Unknown command.
Unknown command.
The gnoll hits you from afar with a +0 halberd!
Ouch! That really hurt!
The gnoll hits you with a +0 whip.
* * * LOW HITPOINT WARNING * * *
You climb upwards.
There is a stone staircase leading down here.
Unknown command.
Casting: Sandblast (safe; 19% risk of failure)
Confirm with . or Enter, or press ? or * to list all spells.
Aiming: Sandblast (safe; 19% risk of failure)
Press: ? - help, Shift-Dir - straight line, f - gnoll
Aim: a gnoll, wielding a +0 whip (84% to hit)
The blast of sand hits the gnoll!
The gnoll is heavily wounded.
Malevolent energies surge around you. The gnoll hits you with a +0 whip.
* * * LOW HITPOINT WARNING * * *
Casting: Sandblast (safe; 19% risk of failure)
Confirm with . or Enter, or press ? or * to list all spells.
Aiming: Sandblast (safe; 19% risk of failure)
Press: ? - help, Shift-Dir - straight line, f/p - gnoll
Aim: a gnoll, wielding a +0 whip (heavily wounded, 84% to hit)
You miscast Sandblast.
You are very lightly contaminated with residual magic.
Nothing appears to happen.
The gnoll hits you with a +0 whip!
You die...

......###########################
##...## #(......................
.....# #.######################
.....### #.......................
.......##########################
.................................
....########..##.#...############
....# ##......#.##### ....#
####@g.#.#...# ....# ###.#.#.#.#
....# #######....#.#.# ....#
#.....#..###.#.##### #####
#.###.#......#.....# #.#
#.#.##########.# #.#
#.#.#.......##.# #.#
#...#.#####.##.# #.#
###.#.##....##.#


You could see a gnoll.

Vanquished Creatures
  A worm (D:2)
  4 endoplasms (D:1)
  2 giant cockroaches (D:1)
  A goblin (D:1)
  A bat (D:1)
  2 frilled lizards (D:1)
  3 kobolds
14 creatures vanquished.

Notes
Turn   | Place    | Note
-------+----------+-------------------------------------------
     0 | D:1      | protoss039 the Demonspawn Earth Elementalist began the
                  | quest for the Orb.
     0 | D:1      | Reached XP level 1. HP: 13/13 MP: 3/3
   553 | D:1      | Gained mutation: Spells you cast may paralyse adjacent
                  | enemies. [demonic ancestry]
   553 | D:1      | Reached XP level 2. HP: 16/20 MP: 5/5
   775 | D:1      | Reached skill level 1 in Fighting
  1065 | D:1      | Learned a level 2 spell: Passwall
  1069 | D:2      | Reached skill level 3 in Earth Magic
  1078 | D:1      | Mangled by a gnoll

Illustrated notes

Levels and vault maps discovered:
D:1:      wheals_arrival_linesprint, layout_basic
D:2:      layout_loops_ring

Skill      XL: |  1  2 |
---------------+-------+-----
Fighting       | 1 |  1.1
Earth Magic    | 3 |  3.0
Dodging        | |  1.7
Stealth        | |  1.7
Spellcasting   | |  2.3
Transmutations | |  0.8

Action                   || total
-------------------------++-------
Melee: Whip              ||     6
       Short sword       ||    14
       Unarmed           ||     2
 Cast: Sandblast         ||    11
 Stab: Paralysed         ||     2
Armor: Ring mail         ||     7
Dodge: Dodged            ||    16
